PL
TOLEDO STINGERS @ PHILADELPHIA 1776 BC
04/26/2033
 
TOP OF THE 1ST
Toledo Stingers batting - Pitching for Philadelphia 1776 BC : RHP Jay Mahabir
Pitching: RHP Jay Mahabir
Batting: SHB Eugene Clutch 0-0: Swinging Strike
0-1: Foul Ball, location: 2F
0-2: Ground out 5-3 (Groundball, 56)
Batting: RHB Brett Callison 0-0: Ball
1-0: Swinging Strike
1-1: Ball
2-1: Ball
3-1: Foul Ball, location: 2F
3-2: Strikes out swinging
Batting: RHB Alfredo Martínez 0-0: Swinging Strike
0-1: Foul Ball, location: 2F
0-2: TRIPLE (Flyball, 9LD)
Batting: LHB Tural Bishara 0-0: Foul Ball, location: 2F
0-1: Foul Ball, location: 2F
0-2: Ball
1-2: Ball
2-2: Foul Ball, location: 2F
2-2: Ball
3-2: Foul Ball, location: 2F
3-2: Foul Ball, location: 2F
3-2: Base on Balls
Batting: LHB Ned Durand 0-0: Called Strike
0-1: Ball
1-1: Ball
2-1: Ground out 4-3 (Groundball, 4)
Top of the 1st over - 0 runs, 1 hit, 0 errors, 2 left on base; Toledo 0 - Philadelphia 1776 0
BOTTOM OF THE 1ST
Philadelphia 1776 BC batting - Pitching for Toledo Stingers : RHP Cory Sanders
Pitching: RHP Cory Sanders
Batting: LHB Kelvin Abbott 0-0: Called Strike
0-1: Ball
1-1: Called Strike
1-2: Ball
2-2: Reached on error, E1 (Groundball, 13)
Batting: LHB José Rodríguez 0-0: Foul Ball, location: 2F
0-1: Foul Ball, location: 2F
0-2: Ball
1-2: Ball
2-2: Fly out, F8 (Flyball, 8RM)
Batting: RHB Karl Blanke 0-0: Foul Ball, location: 2F
0-1: SINGLE (Line Drive, 9)
Kelvin Abbott to second
Batting: LHB Manoo Satyavrat 0-0: Ball
Kelvin Abbott steals 3rd base
1-0: Ball
2-0: Ball
3-0: Ground out 5-3 (Groundball, 56S)
Kelvin Abbott scores
Karl Blanke to second
Batting: RHB Mario Castillo 0-0: Foul Ball, location: 2F
0-1: SINGLE (Line Drive, 89M)
Karl Blanke to third
Batting: RHB Tim Burney 0-0: Called Strike
0-1: Foul Ball, location: 2F
0-2: Ball
1-2: Ball
2-2: Foul Ball, location: 2F
2-2: Fly out, F9 (Flyball, 89M)
Bottom of the 1st over - 1 run, 2 hits, 1 error, 2 left on base; Toledo 0 - Philadelphia 1776 1
TOP OF THE 2ND
Toledo Stingers batting - Pitching for Philadelphia 1776 BC : RHP Jay Mahabir
Batting: RHB Steve Koch 0-0: Called Strike
0-1: Fly out, F8 (Line Drive, 78M)
Batting: RHB Armando Alvarado 0-0: Called Strike
0-1: Ball
1-1: Foul Ball, location: 2F
1-2: Ball
2-2: Ball
3-2: Foul Ball, location: 2F
3-2: Fly out, F8 (Flyball, 78D)
Batting: SHB Tsing Guao 0-0: Called Strike
0-1: Ball
1-1: Called Strike
1-2: Ground out 6-3 (Groundball, 6)
Top of the 2nd over - 0 runs, 0 hits, 0 errors, 0 left on base; Toledo 0 - Philadelphia 1776 1
BOTTOM OF THE 2ND
Philadelphia 1776 BC batting - Pitching for Toledo Stingers : RHP Cory Sanders
Batting: RHB Phil Moore 0-0: Ball
1-0: Ball
2-0: Ball
3-0: Called Strike
3-1: Base on Balls
Batting: RHB Eddie Sachs 0-0: Fly out, F8 (Flyball, 78D)
Batting: RHB Kent Summey 0-0: Ball
1-0: Foul Ball, location: 2F
1-1: Foul Ball, location: 2F
1-2: Foul Ball, location: 2F
1-2: SINGLE (Groundball, 34D)
Phil Moore to second
Batting: LHB Kelvin Abbott 0-0: Ball
1-0: Ball
2-0: Ball
3-0: Called Strike
3-1: Base on Balls
Phil Moore to third
Kent Summey to second
Batting: LHB José Rodríguez 0-0: Called Strike
0-1: Ball
1-1: Ball
2-1: Ball
3-1: Swinging Strike
3-2: SINGLE (Line Drive, 7S)
Phil Moore scores
Kent Summey to third
Kelvin Abbott to second
Batting: RHB Karl Blanke 0-0: Ball
1-0: Ball
2-0: Called Strike
2-1: Fly out, F8 (Flyball, 8RM)
Runner from 3rd tags up, SCORES, throw made
Batting: LHB Manoo Satyavrat 0-0: Called Strike
0-1: Foul Ball, location: 2F
0-2: Foul Ball, location: 2F
0-2: Foul Ball, location: 2F
0-2: Ball
1-2: Strikes out looking
Bottom of the 2nd over - 2 runs, 2 hits, 0 errors, 2 left on base; Toledo 0 - Philadelphia 1776 3
TOP OF THE 3RD
Toledo Stingers batting - Pitching for Philadelphia 1776 BC : RHP Jay Mahabir
Batting: RHB Manny Bendixen 0-0: Swinging Strike
0-1: Foul Ball, location: 2F
0-2: SINGLE (Groundball, 56D)
Batting: SHB Eugene Clutch 0-0: Foul Ball, location: 2F
0-1: Called Strike
0-2: Single, Error in OF, E9, batter to second base
Manny Bendixen to third
Batting: RHB Brett Callison 0-0: Ball
1-0: Called Strike
1-1: Ball
2-1: Called Strike
2-2: Ball
3-2: Base on Balls
Batting: RHB Alfredo Martínez 0-0: Fly out, F8 (Flyball, 89M)
Runner from 3rd tags up, SCORES, no throw
Batting: LHB Tural Bishara 0-0: Ball
1-0: Foul Ball, location: 2F
1-1: Swinging Strike
1-2: Foul Ball, location: 2F
1-2: Ball
2-2: Ball
3-2: Foul Ball, location: 2F
3-2: Strikes out swinging
Batting: LHB Ned Durand 0-0: Ball
1-0: Swinging Strike
1-1: Ball
2-1: Swinging Strike
2-2: Ball
3-2: Ground out 5-3 (Groundball, 5D)
Top of the 3rd over - 1 run, 2 hits, 1 error, 2 left on base; Toledo 1 - Philadelphia 1776 3
BOTTOM OF THE 3RD
Philadelphia 1776 BC batting - Pitching for Toledo Stingers : RHP Cory Sanders
Batting: RHB Mario Castillo 0-0: Ball
1-0: Ball
2-0: Ball
3-0: Called Strike
3-1: Called Strike
3-2: SINGLE (Groundball, 6D)
Batting: RHB Tim Burney 0-0: Ball
1-0: SINGLE (Groundball, 56S) (infield hit)
Mario Castillo to second
Batting: RHB Phil Moore 0-0: Swinging Strike
0-1: Ball
1-1: Foul Ball, location: 2F
1-2: Foul Ball, location: 2F
1-2: Foul Ball, location: 2F
1-2: Strikes out swinging
Batting: RHB Eddie Sachs 0-0: Called Strike
0-1: Called Strike
0-2: Foul Ball, location: 2F
0-2: DOUBLE (Flyball, 8RXD)
Mario Castillo scores
Tim Burney to third
Batting: RHB Kent Summey 0-0: Foul Ball, location: 2F
0-1: Foul Ball, location: 2F
0-2: Fly out, F7 (Flyball, 7)
Batting: LHB Kelvin Abbott 0-0: Ball
1-0: Swinging Strike
1-1: Ball
2-1: SINGLE (Groundball, 4D)
Tim Burney scores
Eddie Sachs to third
Batting: LHB José Rodríguez 0-0: SINGLE (Flyball, 8RS)
Eddie Sachs scores
Kelvin Abbott to second
Pitching: RHP Joe Shlabotnik
Batting: RHB Karl Blanke 0-0: Ball
1-0: Ball
2-0: SINGLE (Groundball, 34D)
Kelvin Abbott to third
José Rodríguez to second
Runner from 3rd tries for Home, SAFE, no throw
Batting: LHB Manoo Satyavrat 0-0: Swinging Strike
0-1: Foul Ball, location: 2F
0-2: Foul Ball, location: 2F
0-2: Ball
1-2: Foul Ball, location: 2F
1-2: Strikes out swinging
Bottom of the 3rd over - 4 runs, 6 hits, 0 errors, 2 left on base; Toledo 1 - Philadelphia 1776 7
TOP OF THE 4TH
Toledo Stingers batting - Pitching for Philadelphia 1776 BC : RHP Jay Mahabir
Batting: RHB Steve Koch 0-0: Swinging Strike
0-1: Swinging Strike
0-2: Ball
1-2: Ball
2-2: Strikes out swinging, 2-3 out at first.
Batting: RHB Armando Alvarado 0-0: Called Strike
0-1: Fly out, F8 (Flyball, 89D)
Batting: SHB Tsing Guao 0-0: Ball
1-0: Foul Ball, location: 2F
1-1: Called Strike
1-2: Foul Ball, location: 2F
1-2: Strikes out swinging
Top of the 4th over - 0 runs, 0 hits, 0 errors, 0 left on base; Toledo 1 - Philadelphia 1776 7
BOTTOM OF THE 4TH
Philadelphia 1776 BC batting - Pitching for Toledo Stingers : RHP Joe Shlabotnik
Batting: RHB Mario Castillo 0-0: Foul Ball, location: 2F
0-1: Swinging Strike
0-2: Ball
1-2: Strikes out swinging
Batting: RHB Tim Burney 0-0: Ball
1-0: Ball
2-0: Ball
3-0: Base on Balls
Batting: RHB Phil Moore 0-0: Foul Ball, location: 2F
0-1: Fly out, F8 (Flyball, 8RD)
Batting: RHB Eddie Sachs 0-0: Ball
1-0: 2-RUN HOME RUN (Flyball, 78XD), Distance : 426 ft
Batting: RHB Kent Summey 0-0: Ball
1-0: Ball
2-0: Foul Ball, location: 2F
2-1: Swinging Strike
2-2: Ground out 4-3 (Groundball, 4)
Bottom of the 4th over - 2 runs, 1 hit, 0 errors, 0 left on base; Toledo 1 - Philadelphia 1776 9
TOP OF THE 5TH
Toledo Stingers batting - Pitching for Philadelphia 1776 BC : RHP Jay Mahabir
Pitching: LHP Brian Brewer
Batting: RHB Manny Bendixen 0-0: Called Strike
0-1: Ball
1-1: Ball
2-1: Ground out 5-3 (Groundball, 6MS)
Batting: SHB Eugene Clutch 0-0: Ball
1-0: Swinging Strike
1-1: Swinging Strike
1-2: Ball
2-2: Strikes out looking
Batting: RHB Brett Callison 0-0: Foul Ball, location: 2F
0-1: Foul Ball, location: 2F
0-2: Ball
1-2: Ground out 3-1 (Groundball, 34)
Top of the 5th over - 0 runs, 0 hits, 0 errors, 0 left on base; Toledo 1 - Philadelphia 1776 9
BOTTOM OF THE 5TH
Philadelphia 1776 BC batting - Pitching for Toledo Stingers : RHP Joe Shlabotnik
Pinch Hitting: LHB Juan Montés 0-0: Ball
1-0: Foul Ball, location: 2F
1-1: Swinging Strike
1-2: Ball
2-2: Fly out, F7 (Flyball, 7LM)
Batting: LHB José Rodríguez 0-0: Called Strike
0-1: Ball
1-1: Called Strike
1-2: Strikes out swinging
Pinch Hitting: SHB Sam Quint 0-0: Ball
1-0: Foul Ball, location: 2F
1-1: Hit by Pitch
Batting: LHB Manoo Satyavrat 0-0: Foul Ball, location: 2F
0-1: Swinging Strike
0-2: Strikes out swinging
Bottom of the 5th over - 0 runs, 0 hits, 0 errors, 1 left on base; Toledo 1 - Philadelphia 1776 9
TOP OF THE 6TH
Toledo Stingers batting - Pitching for Philadelphia 1776 BC : LHP Brian Brewer
Now at 1B: Sam Quint
Now in RF: Juan Montés
Batting: RHB Alfredo Martínez 0-0: Ball
1-0: Ball
2-0: Ground out 5-3 (Groundball, 56)
Batting: LHB Tural Bishara 0-0: DOUBLE (Popup, 6MD)
Batting: LHB Ned Durand 0-0: Foul Ball, location: 2F
0-1: Ground out 4-3 (Groundball, 4)
Tural Bishara to third
Batting: RHB Steve Koch 0-0: Swinging Strike
0-1: Ball
1-1: Swinging Strike
1-2: Foul Ball, location: 2F
1-2: Ball
2-2: Strikes out swinging
Top of the 6th over - 0 runs, 1 hit, 0 errors, 1 left on base; Toledo 1 - Philadelphia 1776 9
BOTTOM OF THE 6TH
Philadelphia 1776 BC batting - Pitching for Toledo Stingers : RHP Joe Shlabotnik
Batting: RHB Mario Castillo 0-0: Fly out, F9 (Flyball, 9S)
Batting: RHB Tim Burney 0-0: Called Strike
0-1: Ball
1-1: Ground out 5-3 (Groundball, 56S)
Batting: RHB Phil Moore 0-0: Called Strike
0-1: SINGLE (Popup, 6D)
Batting: RHB Eddie Sachs 0-0: Ball
1-0: Ground out 3-1 (Groundball, 34S)
Bottom of the 6th over - 0 runs, 1 hit, 0 errors, 1 left on base; Toledo 1 - Philadelphia 1776 9
TOP OF THE 7TH
Toledo Stingers batting - Pitching for Philadelphia 1776 BC : LHP Brian Brewer
Batting: RHB Armando Alvarado 0-0: Called Strike
0-1: Fly out, F9 (Line Drive, 9)
Batting: SHB Tsing Guao 0-0: Ball
1-0: Foul Ball, location: 2F
1-1: Ball
2-1: Foul Ball, location: 2F
2-2: Foul Ball, location: 2F
2-2: Ball
3-2: Fly out, F7 (Flyball, 7LSF)
Batting: RHB Manny Bendixen 0-0: Swinging Strike
0-1: SINGLE (Line Drive, 7LS)
Pinch Hitting: RHB Héctor Rivera 0-0: Called Strike
0-1: Ball
1-1: Ball
2-1: Ball
3-1: Swinging Strike
3-2: Fly out, F8 (Flyball, 8LD)
Top of the 7th over - 0 runs, 1 hit, 0 errors, 1 left on base; Toledo 1 - Philadelphia 1776 9
BOTTOM OF THE 7TH
Philadelphia 1776 BC batting - Pitching for Toledo Stingers : RHP Joe Shlabotnik
Now in LF: Héctor Rivera
Batting: RHB Kent Summey 0-0: Ball
1-0: Ball
2-0: Ball
3-0: Base on Balls
Batting: LHB Juan Montés 0-0: Swinging Strike
0-1: Ball
1-1: Called Strike
1-2: Foul Ball, location: 2F
1-2: Ball
2-2: Strikes out swinging
Batting: LHB José Rodríguez 0-0: Called Strike
0-1: Ball
1-1: Called Strike
1-2: Strikes out looking
Pitching: LHP Bill Edmonds
Batting: SHB Sam Quint 0-0: SINGLE (Groundball, 34D)
Kent Summey to second
Runner from 2nd tries for 3rd, SAFE, throw made to third
Batting: LHB Manoo Satyavrat 0-0: Foul Ball, location: 2F
0-1: Ball
1-1: Fly out, F7 (Flyball, 7LS)
Bottom of the 7th over - 0 runs, 1 hit, 0 errors, 2 left on base; Toledo 1 - Philadelphia 1776 9
TOP OF THE 8TH
Toledo Stingers batting - Pitching for Philadelphia 1776 BC : LHP Brian Brewer
Pinch Hitting: RHB Tamasaburo Kato 0-0: Called Strike
0-1: Ball
1-1: Ball
2-1: Foul Ball, location: 2F
2-2: Ball
3-2: Fly out, F9 (Flyball, 9LS)
Pinch Hitting: SHB Dylan Carson 0-0: Ball
1-0: Called Strike
1-1: Ball
2-1: Ball
3-1: Foul Ball, location: 2F
3-2: Ground out 4-3 (Groundball, 4M)
Batting: LHB Tural Bishara 0-0: Ball
1-0: Fly out, F4 (Line Drive, 4M)
Top of the 8th over - 0 runs, 0 hits, 0 errors, 0 left on base; Toledo 1 - Philadelphia 1776 9
BOTTOM OF THE 8TH
Philadelphia 1776 BC batting - Pitching for Toledo Stingers : LHP Bill Edmonds
Now at 3B: Tamasaburo Kato
Now in RF: Dylan Carson
Batting: RHB Mario Castillo 0-0: Ball
1-0: Ball
2-0: Ball
3-0: Called Strike
3-1: Base on Balls
Batting: RHB Tim Burney 0-0: Called Strike
0-1: SINGLE (Groundball, 34D)
Mario Castillo to second
Runner from 2nd tries for 3rd, SAFE, no throw
Batting: RHB Phil Moore 0-0: Called Strike
0-1: Ball
1-1: Ball
2-1: Grounds into double play, 6-4-3 (Groundball, 6)
Mario Castillo scores
Batting: RHB Eddie Sachs 0-0: Called Strike
0-1: Swinging Strike
0-2: SINGLE (Flyball, 9LS)
Batting: RHB Kent Summey 0-0: Foul Ball, location: 2F
0-1: Foul Ball, location: 2F
0-2: Strikes out swinging
Bottom of the 8th over - 1 run, 2 hits, 0 errors, 1 left on base; Toledo 1 - Philadelphia 1776 10
TOP OF THE 9TH
Toledo Stingers batting - Pitching for Philadelphia 1776 BC : LHP Brian Brewer
Pitching: RHP Jaime van de Weideven
Batting: LHB Ned Durand 0-0: Called Strike
0-1: Ball
1-1: Ball
2-1: SINGLE (Line Drive, 56D)
Batting: RHB Pedro Álvarez 0-0: Foul Ball, location: 2F
0-1: Ball
1-1: Swinging Strike
1-2: Strikes out swinging
Batting: RHB Armando Alvarado 0-0: Called Strike
0-1: Hit by Pitch
Ned Durand to second
Batting: SHB Tsing Guao 0-0: Ball
1-0: Called Strike
1-1: Swinging Strike
1-2: Foul Ball, location: 2F
1-2: Ball
2-2: Ball
3-2: Fly out, F9 (Flyball, 9LS)
Batting: RHB Manny Bendixen 0-0: Called Strike
0-1: Ball
1-1: Ball
2-1: Called Strike
2-2: SINGLE (Groundball, 6MD)
Ned Durand to third
Armando Alvarado to second
Batting: RHB Héctor Rivera 0-0: Called Strike
0-1: Ball
1-1: Ball
2-1: Foul Ball, location: 2F
2-2: Ball
3-2: Base on Balls
Ned Durand scores
Armando Alvarado to third
Manny Bendixen to second
Batting: RHB Tamasaburo Kato 0-0: Foul Ball, location: 2F
0-1: Swinging Strike
0-2: Ball
1-2: Ball
2-2: Foul Ball, location: 2F
2-2: Ball
3-2: Foul Ball, location: 2F
3-2: Foul Ball, location: 2F
3-2: Fly out, F3 (Popup, 3SF)
Top of the 9th over - 1 run, 2 hits, 0 errors, 3 left on base; Toledo 2 - Philadelphia 1776 10
Saturday, December 22nd, 2018 - OOTP Baseball 18.8 Build 76